 Dungeon Crawl Stone Soup version 0.23-a0-558-g30802b1d75 (webtiles) character file.

791 Maize the Chopper (level 7, -1/63 HPs)
             Began as a Minotaur Fighter on Dec 12, 2018.
             Was a Follower of Okawaru.
             Slain by an orc warrior
             ... wielding a +0 glaive
              (16 damage)
             ... on level 6 of the Dungeon.
             The game lasted 00:06:57 (5612 turns).

Maize the Chopper (Minotaur Fighter)                Turns: 5612, Time: 00:06:57

Health: -1/63      AC: 16    Str: 23    XL:     7   Next: 57%
Magic:  7/7        EV:  4    Int:  5    God:    Okawaru [*.....]
Gold:   34         SH:  9    Dex:  9    Spells: 6/6 levels left

rFire    . . .     SeeInvis .   a - +1 war axe
rCold    . . .     Gourm    .   c - +0 shield
rNeg     . . .     Faith    .   n - +0 plate armour
rPois    .         Spirit   .   j - +1 hat
rElec    .         Reflect  .   e - +0 cloak
rCorr    .         Harm     .   m - +0 pair of gloves
MR       .....                  (no boots)
Stlth    ..........             (no amulet)
HPRegen  0.20/turn              (no ring)
MPRegen  0.10/turn              (no ring)

@: no status effects
A: retaliatory headbutt, horns 2
a: Heroism, Renounce Religion


You were on level 6 of the Dungeon.
You worshipped Okawaru.
Okawaru was aware of your devotion.
You were not hungry.

You visited 1 branch of the dungeon, and saw 6 of its levels.

You collected 300 gold pieces.
You spent 266 gold pieces at shops.

Inventory:

Hand Weapons
 a - a +1 war axe (weapon)
Armour
 c - a +0 shield (worn)
 e - a +0 cloak (worn)
 j - a +1 hat (worn)
 m - a +0 pair of gloves (worn)
 n - a +0 plate armour (worn)
Jewellery
 b - an uncursed ring of protection from cold {unknown}
Wands
 r - a wand of flame (18)
 y - a wand of polymorph (9)
Scrolls
 g - 5 scrolls of teleportation
 h - 2 scrolls of blinking {unknown}
 i - 3 scrolls of enchant weapon
 k - a scroll of noise {unknown}
 l - 2 scrolls of amnesia {unknown}
 q - 5 scrolls of magic mapping
 t - 2 scrolls of identify {unknown}
 u - a scroll of random uselessness {unknown}
 v - a scroll of fear {unknown}
Potions
 d - 3 potions of might
 o - 2 potions of cancellation {unknown}
 p - a potion of berserk rage {unknown}
 s - 3 potions of curing
 w - a potion of flight {unknown}
 x - a potion of haste {unknown}
 z - 2 potions of degeneration {unknown}
 A - 2 potions of heal wounds
 C - a potion of agility
 D - a potion of brilliance
 E - a potion of lignification
Comestibles
 f - 11 rations
 B - 4 chunks of flesh


   Skills:
 + Level 6.0 Fighting
 * Level 7.2 Axes
 + Level 6.0 Armour
 - Level 3.8 Shields
 + Level 2.3 Invocations


You had 6 spell levels left.
You didn't know any spells.
Your spell library was empty.

Dungeon Overview and Level Annotations

Branches:
Dungeon (6/15)             Temple (0/1) D:6

Altars:
Dithmenos
Fedhas
Kikubaaqudgha
Makhleb
Nemelex Xobeh
Okawaru
Uskayaw
Yredelemnul
Zin

Shops:
D:6 !

Annotations:
D:4 1 runed door, hemabe's ghost, amateur HuAr


Innate Abilities, Weirdness & Mutations

You reflexively headbutt those who attack you in melee.
You have a pair of horns on your head.


Message History

You hit the orc warrior. You barely miss the orc priest.
The orc priest mumbles some strange prayers to Beogh against you.
Pain shoots through your body!
The orc warrior hits you with a +0 glaive!
* * * LOW HITPOINT WARNING * * *
You block the orc priest's attack.
You are too injured to fight recklessly!
Unknown command.
You slash the orc warrior!
The orc warrior is heavily wounded.
You completely miss the orc priest.
The orc warrior hits you with a +0 glaive!
* * * LOW HITPOINT WARNING * * *
The orc priest completely misses you.
You slash the orc warrior! Your headbutt misses the orc warrior.
The orc warrior is almost dead.
Your shield and plate armour prevent you from hitting the orc priest.
The orc priest hits you but does no damage.
The orc warrior hits you with a +0 glaive!
You die...

########## #...oo...#
********* #...†@...#
*,,,,,<,, #........#
*,,,,,,,, #........#
*,,,,∩,,,
#........#*****,*****,
######.....*,**+**,**,
*,,,+.....#,,,,*,,,,,
*,,,*.....#,,,,*,,,,,
*,,,*.....#,,,,+,,,,,
*,,,*,,,,,********,,,


You could see an orc warrior and an orc priest.

Vanquished Creatures
  Edmund (D:5)
  A sky beast (D:5)
  An ogre (D:5)
  Blork the orc (D:5)
  3 orc priests
  A centaur skeleton (D:5)
  An orc wizard (D:5)
  A worker ant (D:5)
  An iguana (D:5)
  7 gnolls
  8 adders
  A dart slug (D:1)
  4 leopard geckos
  10 orcs
  11 bats
  5 giant cockroaches
  8 goblins
  6 hobgoblins
  5 jackals
  4 kobolds
  2 quokkas
  2 ball pythons
  6 frilled lizards
  11 rats
101 creatures vanquished.

Notes
Turn   | Place    | Note
-------+----------+-------------------------------------------
     0 | D:1      | Maize the Minotaur Fighter began the quest for the Orb.
     0 | D:1      | Reached XP level 1. HP: 19/19 MP: 0/0
   189 | D:1      | Reached XP level 2. HP: 25/27 MP: 1/1
   292 | D:1      | Reached skill level 3 in Axes
   914 | D:2      | Reached XP level 3. HP: 28/33 MP: 2/2
   959 | D:2      | Found a sparkling altar of Nemelex Xobeh.
  1074 | D:2      | Found a faded altar of an unknown god.
  1328 | D:2      | Found a burning altar of Makhleb.
  1329 | D:2      | Noticed a balrug
  1331 | D:2      | Found a glowing silver altar of Zin.
  1331 | D:2      | Noticed an angel
  1392 | D:2      | Reached XP level 4. HP: 29/40 MP: 3/3
  1476 | D:2      | Reached skill level 4 in Axes
  2710 | D:3      | Reached XP level 5. HP: 36/47 MP: 4/4
  2771 | D:3      | Reached skill level 5 in Axes
  3264 | D:4      | Found an ancient bone altar of Kikubaaqudgha.
  3266 | D:4      | Found a blossoming altar of Fedhas.
  3313 | D:4      | Found a runed door.
  3314 | D:4      | Noticed hemabe's ghost (amateur HuAr)
  3764 | D:5      | Entered Level 5 of the Dungeon
  3790 | D:5      | Found a basalt altar of Yredelemnul.
  3791 | D:5      | Found a shadowy altar of Dithmenos.
  3793 | D:5      | Found a hide-covered altar of Uskayaw.
  3794 | D:5      | Found an iron altar of Okawaru.
  3858 | D:5      | Became a worshipper of Warmaster Okawaru
  3902 | D:5      | Reached skill level 5 in Fighting
  3902 | D:5      | Reached skill level 5 in Armour
  3925 | D:5      | Reached XP level 6. HP: 56/56 MP: 5/5
  3992 | D:5      | Noticed a sky beast
  4009 | D:5      | Killed a sky beast
  4025 | D:5      | Noticed Blork the orc
  4035 | D:5      | Killed Blork the orc
  4035 | D:5      | Reached skill level 6 in Axes
  4035 | D:5      | Reached skill level 1 in Invocations
  4232 | D:5      | Reached XP level 7. HP: 43/61 MP: 5/7
  4456 | D:5      | Found a burning altar of Makhleb.
  4469 | D:5      | Noticed Edmund
  4500 | D:4      | Reached * piety under Okawaru
  4787 | D:5      | Killed Edmund
  5083 | D:5      | Reached skill level 7 in Axes
  5543 | D:6      | Found a staircase to the Ecumenical Temple.
  5596 | D:6      | Found Noxi's Distillery.
  5603 | D:6      | Bought a potion of curing for 42 gold pieces
  5603 | D:6      | Bought a potion of agility for 56 gold pieces
  5603 | D:6      | Bought a potion of brilliance for 56 gold pieces
  5603 | D:6      | Bought a potion of lignification for 42 gold pieces
  5603 | D:6      | Bought a potion of heal wounds for 70 gold pieces
  5612 | D:6      | Slain by an orc warrior

Vault maps used:
D:1:      dpeg_arrival_pond
D:2:      grunt_temple_overflow_order_and_chaos_2, nemelex_altar_shiori,
          chequers_ecumenical_altar_simple
D:3:      first_ration, kennysheep_generic_room_5
D:4:      grunt_temple_overflow_growth_and_decay, ebering_ghost_reflecting_pool
D:5:      minitemple, basic_altar, kennysheep_small_square, uniq_edmund,
          uniq_blork_the_orc
D:6:      minmay_temple_entry_proselytizer, serial_shops, shop, shop,
          serial_park_tiny_1

Skill      XL: |  1  2  3  4  5  6  7 |
---------------+----------------------+-----
Axes           | 3 4 5 6 7 |  7.2
Armour         | 4 5 6 |  6.0
Fighting       | 4 5 6 |  6.0
Invocations    | 1 2 |  2.3
Shields        | |  3.8

Action                   |  1- 3 |  4- 6 |  7- 9 || total
-------------------------+-------+-------+-------++-------
Melee: War axe           |   109 |   166 |    46 ||   321
       Headbutt          |    12 |    32 |     7 ||    51
  Use: Scroll            |       |       |     3 ||     3
  Eat: Chunk             |     2 |     8 |     2 ||    12
       Ration            |       |       |     1 ||     1
Armor: Scale mail        |    50 |       |       ||    50
       Plate armour      |     1 |   118 |    43 ||   162
Dodge: Dodged            |    29 |    22 |    12 ||    63
Block: Shield            |    59 |    94 |    24 ||   177

Table legend:
 A = Non-vault XP
 B = Vault XP
 C = Vault XP percentage of total XP
 D = Non-vault monster count
 E = Vault monster count
 F = Vault count percentage of total count
                 A         B        C        D         E       F
            +---------+---------+-------+---------+---------+-------
      Total |     703 |     428 |  37.8 |      95 |       6 |   5.9
            +---------+---------+-------+---------+---------+-------
        D:1 |      37 |       0 |   0.0 |      22 |       0 |   0.0
        D:2 |     115 |       0 |   0.0 |      25 |       0 |   0.0
        D:3 |     152 |       4 |   2.6 |      27 |       2 |   6.9
        D:4 |       7 |       0 |   0.0 |       4 |       0 |   0.0
        D:5 |     386 |     384 |  49.9 |      15 |       3 |  16.7
        D:6 |       6 |      40 |  87.0 |       2 |       1 |  33.3
            +---------+---------+-------+---------+---------+-------
